 Dungeon Crawl Stone Soup version 0.20.0-15-g7f486f2 (webtiles) character file.

2744 Chiseanne the Skirmisher (level 9, -2/72 HPs)
             Began as a Demonspawn Wanderer on June 30, 2017.
             Was an Initiate of Makhleb.
             Slain by a slime creature (13 damage)
             ... on level 5 of the Dungeon.
             The game lasted 00:24:27 (9247 turns).

Chiseanne the Skirmisher (Demonspawn Wanderer)      Turns: 9247, Time: 00:24:28

Health: -2/72      AC: 14    Str: 14    XL:     9   Next: 41%
Magic:  10/10      EV: 13    Int: 14    God:    Makhleb [......]
Gold:   294        SH:  0    Dex: 14    Spells: 8/8 levels left

rFire    . . .     SeeInvis .   a - +4 quarterstaff (chaos)
rCold    . . .     Gourm    +   (shield currently unavailable)
rNeg     . . .     Faith    .   t - +0 scale mail
rPois    +         Spirit   .   i - +1 helmet
rElec    .         Reflect  .   J - +0 cloak
rCorr    .         Harm     .   C - +0 pair of gloves
MR       .....                  (no boots)
Stlth    +.........             B - amulet of the gourmand
Regen    0.3/turn               D - ring of poison resistance
MPRegen  0.2/turn               (no ring)

@: no status effects
A: talons 2, yellow scales 1, powered by death 1, rot immunity
a: Renounce Religion


You were on level 5 of the Dungeon.
You worshipped Makhleb.
Makhleb was noncommittal.
You were completely stuffed.

You visited 2 branches of the dungeon, and saw 7 of its levels.
You also visited: Sewer.

You collected 294 gold pieces.

Inventory:

Hand Weapons
 a - a +4 quarterstaff of chaos (weapon)
 q - a +0 blowgun
 s - a +2 short sword of venom
Missiles
 e - 82 arrows
 g - 264 stones (quivered)
 k - 92 bolts
 r - 49 poisoned needles
 v - a throwing net
 A - 5 javelins
 E - 6 tomahawks
 I - 4 curare-tipped needles
Armour
 i - a +1 helmet (worn)
 t - a +0 scale mail (worn)
 C - a +0 pair of gloves (worn)
 J - a +0 cloak (worn)
Jewellery
 B - an amulet of the gourmand (around neck)
 D - a ring of poison resistance (left hand)
Wands
 H - a wand of iceblast (9/15)
Scrolls
 j - 2 scrolls of recharging
 l - 4 scrolls of teleportation
 w - 9 scrolls of remove curse
 y - 3 scrolls of enchant armour
 F - a scroll of fog
 K - a scroll of identify
Potions
 b - 4 potions of curing
 h - 2 potions of flight
 n - a potion of mutation {unknown}
 p - 3 potions of heal wounds {unknown}
 u - 2 potions of magic {unknown}
 x - 2 potions of might
 z - a potion of degeneration {unknown}
 G - a potion of invisibility {unknown}
Books
 c - Erounkos's Volume of Orientation

   Spells                             Type                      Level
   a - Apportation                    Translocation                1
   b - Recall                         Summoning/Translocation      3
Comestibles
 d - 5 fruits
 f - 5 bread rations
 m - 4 meat rations
 o - 7 royal jellies


   Skills:
 * Level 7.3 Fighting
   Level 1.0 Polearms
 - Level 1.0 Throwing
 * Level 6.3 Armour
 * Level 6.9 Dodging
 - Level 1.7 Stealth
   Level 1.0 Shields
   Level 1.7 Translocations
   Level 2.6 Ice Magic
 * Level 2.2 Invocations


You had 8 spell levels left.
You didn't know any spells.

Dungeon Overview and Level Annotations

Branches:
Dungeon (6/15)             Temple (1/1) D:6

Altars:
Ashenzari
Fedhas
Gozag
Hepliaklqana
Kikubaaqudgha
Makhleb
Okawaru
Qazlal
Ru
Sif Muna
Trog
Uskayaw
Vehumet
Xom
Yredelemnul
The Shining One

Annotations:
D:2 Sigmund
D:4 Timinator's ghost, amateur CeAM


Innate Abilities, Weirdness & Mutations

You have razor-sharp toenails.
You are partially covered in yellow scales. (AC +2)
You regenerate a little health from kills.
You are immune to rotting.


Message History

The slime creature is heavily wounded.
The slime creature barely misses you.
You hit the slime creature but do no damage.
You claw the slime creature.
The slime creature is heavily wounded.
The slime creature hits you!
You sock the slime creature! You freeze the slime creature.
The slime creature is severely wounded.
The slime creature hits you! x2
* * * LOW HITPOINT WARNING * * *
You hit the slime creature.
You claw the slime creature, but do no damage.
The slime creature is almost dead.
The slime creature jiggles.
The slime creature hits you but does no damage.
You hit the slime creature.
The slime creature seems to slow down.
You claw the slime creature.
The slime creature is almost dead.
The slime creature hits you!
You die...

.########...........##...#.......
.#..........#######......#.......
..........### #..#...#.......
..........<# #..#.###..#####
...........########..#.###..#
...........##....##.##.##...#
.................#.........##
.........###........#.####.#
.........###....@#..#.# #.#
...............J.#.)..# ##.#
##.#......##.......#.## #..#
##........###......#.####.##
.......#..# #.....#[)##...#
##.....#..###.....#.##).###
..................#.##.######
.........####.....).........#
......##..###...#.#.#.#####.##


You could see a slime creature.

Vanquished Creatures
  Grinder (D:3)
  The ghost of CInkIbrahim the Poker, an amateur OpGl (Sewer)
  An ice beast (D:5)
  4 sky beasts
  2 phantoms (D:4)
  An ogre (D:5)
  3 centaurs
  3 big kobolds (D:6)
  Blork the orc (D:6)
  A bullfrog (D:6)
  5 killer bees (D:4)
  3 crimson imps
  A hound (D:5)
  6 jellies (D:6)
  3 orc priests
  Crazy Yiuf (D:5)
  An iguana (D:4)
  An orc wizard (D:4)
  3 worker ants (D:5)
  A worker ant zombie (D:5)
  4 gnolls (D:6)
  14 adders
  A river rat (D:3)
  A shadow imp (D:5)
  4 oozes
  An adder skeleton (D:5)
  4 worms
  3 dart slugs
  5 leopard geckos
  12 orcs
  6 bats
  8 giant cockroaches
  9 goblins
  13 hobgoblins
  11 jackals
  2 quokkas
  4 ball pythons (Sewer)
  9 frilled lizards
  24 kobolds
  A leopard gecko zombie (D:5)
  2 quokka skeletons (D:5)
  11 rats
  A fungus (D:5)
  A plant (Sewer)
194 creatures vanquished.

Vanquished Creatures (others)
  4 fungi (D:6)
  8 toadstools (D:6)
12 creatures vanquished.

Grand Total: 206 creatures vanquished

Notes
Turn   | Place    | Note
-------+----------+-------------------------------------------
     0 | D:1      | Chiseanne the Demonspawn Wanderer began the quest for the Orb.
     0 | D:1      | Chiseanne set off with: a +2 spear, a potion of curing, Erounkos's Volume of Orientation, a +0 robe, a +0 dagger, a bread ration
     0 | D:1      | Reached XP level 1. HP: 13/13 MP: 1/1
     3 | D:1      | Identified Erounkos's Volume of Orientation
   381 | D:1      | Reached skill level 1 in Fighting
   648 | D:1      | Reached skill level 1 in Dodging
   648 | D:1      | Gained mutation: You have sharp toenails. [demonic ancestry]
   648 | D:1      | Reached XP level 2. HP: 21/21 MP: 2/2
  1312 | D:1      | Gained mutation: You are partially covered in yellow scales. (AC +2) [demonic ancestry]
  1312 | D:1      | Reached XP level 3. HP: 23/27 MP: 3/3
  1732 | D:2      | Reached skill level 2 in Fighting
  1855 | D:2      | Found a shimmering altar of Xom.
  1894 | D:2      | Gained mutation: You have razor-sharp toenails. [demonic ancestry]
  1894 | D:2      | Reached XP level 4. HP: 34/34 MP: 4/4
  2097 | D:2      | Noticed Sigmund
  2326 | D:2      | Reached skill level 1 in Armour
  2361 | D:2      | Found a blossoming altar of Fedhas.
  3050 | D:3      | Found a glowing drain.
  3060 | Sewer    | Entered a sewer
  3073 | Sewer    | Gained mutation: You are immune to rotting. [demonic ancestry]
  3073 | Sewer    | Reached XP level 5. HP: 38/40 MP: 5/5
  3176 | Sewer    | Noticed CInkIbrahim's ghost (amateur OpGl)
  3209 | Sewer    | Killed CInkIbrahim's ghost
  3209 | Sewer    | Reached skill level 3 in Fighting
  3427 | Sewer    | Gained mutation: You regenerate a little health from kills. [demonic ancestry]
  3427 | Sewer    | Reached XP level 6. HP: 47/47 MP: 6/6
  4467 | D:3      | wingboner: 3x Pinocchio draught, nice.
  4467 | D:3      | Chiseanne: ?
  4467 | D:3      | wingboner: Powered by death, extremely nice.
  4467 | D:3      | Chiseanne: wtf is a pinocchio draught?
  4604 | D:3      | Noticed Grinder
  4605 | D:3      | wingboner: That potion that exposes your wood.
  4605 | D:3      | Chiseanne: :D
  4606 | D:3      | wingboner: You should drink it right about now.
  4606 | D:3      | Chiseanne: hes blinkg
  4608 | D:3      | Paralysed by Grinder for 2 turns
  4610 | D:3      | wingboner: Because it makes you immune to negative energy.
  4614 | D:3      | wingboner: So?
  4616 | D:3      | Chiseanne: I cant reach him
  4616 | D:3      | wingboner: He can't hurt you at range.
  4616 | D:3      | Chiseanne: to whack him
  4616 | D:3      | wingboner: So he comes near and dies.
  4616 | D:3      | Chiseanne: sure? lets try
  4617 | D:3      | wingboner: Yeah. But unarmed!
  4644 | D:3      | Killed Grinder
  4644 | D:3      | Reached skill level 4 in Fighting
  4644 | D:3      | wingboner: ^_^
  4644 | D:3      | Chiseanne: haha the stone hit his forehead like a spoon!
  4644 | D:3      | Reached XP level 7. HP: 54/54 MP: 7/7
  4720 | D:3      | wingboner: Unarmed would hurt him more, tree form has great unarmed.
  4721 | D:3      | wingboner: This worked though.
  4721 | D:3      | Chiseanne: aye..thx for the advice
  4987 | D:4      | Noticed Timinator's ghost (amateur CeAM)
  4988 | D:4      | Chiseanne: oh man...
  4992 | D:5      | Entered Level 5 of the Dungeon
  5568 | D:4      | wingboner: BEEES
  5568 | D:4      | Chiseanne: hate em
  5569 | D:4      | wingboner: You csn probably wood'em (immune to poison).
  5615 | D:4      | Reached skill level 5 in Fighting
  6064 | D:4      | Reached XP level 8. HP: 55/62 MP: 8/8
  6259 | D:5      | Reached skill level 5 in Dodging
  6277 | D:5      | wingboner: Gj.
  6343 | D:5      | Reached skill level 5 in Armour
  6488 | D:5      | Chiseanne: thx
  6895 | D:5      | Reached skill level 6 in Fighting
  7130 | D:5      | Chiseanne: is it just me or does the game more and more feel like beeing under a permanent noise effect?
  7844 | D:5      | Found a runed door.
  7848 | D:5      | Noticed Crazy Yiuf
  7849 | D:5      | wingboner: Well, you do have a noise meter, so you can see the exact level.
  7849 | D:5      | Chiseanne: I know
  7849 | D:5      | Chiseanne: its just...you get chased all over the place
  7863 | D:5      | wingboner: You're not that stealthy anyway, what with the heavy armour.
  7864 | D:5      | Paralysed by Crazy Yiuf for 6 turns
  7877 | D:5      | Killed Crazy Yiuf
  8055 | D:5      | wingboner: Ring?
  8060 | D:5      | Chiseanne: oh
  8292 | D:6      | Reached XP level 9. HP: 64/71 MP: 9/9
  8334 | D:6      | Noticed Blork the orc
  8344 | D:6      | Killed Blork the orc
  8599 | D:6      | Found a bloodstained altar of Trog.
  8620 | D:6      | Chiseanne: bleh..whenever I keep tab pressed and there is something throwing at me it crashes
  8768 | D:6      | wingboner: Report it?
  8768 | D:6      | Found a staircase to the Ecumenical Temple.
  8776 | D:6      | Reached skill level 7 in Fighting
  8797 | Temple   | Entered the Ecumenical Temple
  8798 | Temple   | Chiseanne: maybe later
  8883 | Temple   | Became a worshipper of Makhleb the Destroyer
  8968 | D:6      | Reached skill level 1 in Invocations
  9247 | D:5      | Slain by a slime creature

Skill      XL: |  1  2  3  4  5  6  7  8  9 |
---------------+----------------------------+-----
Fighting       | 1 2 3 4 5 6 7 |  7.3
Dodging        | 1 2 3 4 6 |  6.9
Armour         | 1 2 3 4 5 6 |  6.3
Invocations    | 2 |  2.2
Polearms       | |  1.0
Throwing       | |  1.0
Stealth        | |  1.7
Shields        | |  1.0
Translocations | |  1.7
Ice Magic      | |  2.6

Action                   |  1- 3 |  4- 6 |  7- 9 || total
-------------------------+-------+-------+-------++-------
Melee: Spear             |   119 |   312 |   349 ||   780
       Kick              |    17 |    53 |   121 ||   191
       Quarterstaff      |       |       |   112 ||   112
       Whip              |       |       |    18 ||    18
       Short sword       |       |       |    36 ||    36
 Fire: Blowgun           |       |       |    68 ||    68
Throw: Stone             |     3 |     1 |       ||     4
  Use: Scroll            |     4 |     4 |     2 ||    10
       Potion            |       |     1 |     6 ||     7
 Stab: Sleeping          |     4 |     1 |       ||     5
       Paralysed         |       |       |     1 ||     1
  Eat: Chunk             |     3 |     9 |    23 ||    35
       Fruit             |       |       |     3 ||     3
Armor: Robe              |    13 |       |       ||    13
       Leather armour    |    19 |     4 |       ||    23
       Scale mail        |       |    73 |   279 ||   352
       Skin              |       |    13 |    97 ||   110
Dodge: Dodged            |    60 |   115 |   333 ||   508
